 Dungeon Crawl Stone Soup version 0.25-a0-1007-g10a8c3caa8 (webtiles) character file.

Game seed: 10109115523850074054, levelgen mode: deterministic

322296 Flugslaktarn the Warrior (level 20, -8/193 HPs)
             Began as a Minotaur Fighter on May 11, 2020.
             Was the Champion of Makhleb.
             Killed from afar by an ancient lich (23 damage)
             ... with a lance of force
             ... on level 5 of the Realm of Zot.
             The game lasted 00:19:28 (25168 turns).

Flugslaktarn the Warrior (Minotaur Fighter)        Turns: 25168, Time: 00:19:29

Health: -8/193     AC: 42    Str: 23    XL:     20   Next: 28%
Magic:  30/30      EV:  3    Int:  2    God:    Makhleb [******]
Gold:   1864       SH: 31    Dex: 17    Spells: 19/19 levels left

rFire    + . .     SeeInvis .   B - +9 broad axe (flame)
rCold    + + .     Gourm    .   l - +3 tower shield
rNeg     . . .     Faith    .   d - +0 gold dragon scales
rPois    +         Spirit   .   H - +0 hat
rElec    +         Reflect  +   S - +2 cloak
rCorr    +         Harm     .   A - +2 pair of gloves of the Heavens {rElec rCorr Int-3 Slay+5}
MR       +....                  (no boots)
Stlth    ..........             G - +5 amulet of reflection
HPRegen  0.42/turn              F - +5 ring of protection
MPRegen  0.22/turn              p - +5 ring of protection

@: stab, very slightly contaminated, slowed, constricted, invisible, very slow
A: retaliatory headbutt, fangs 1, horns 2, talons 1, icy blue scales 1, cold
resistance 1, poison resistance, sturdy frame 1
}: 3/15 runes: decaying, slimy, gossamer
a: Minor Destruction, Lesser Servant of Makhleb, Major Destruction, Greater
Servant of Makhleb, Renounce Religion


You were on level 5 of the Realm of Zot.
You worshipped Makhleb.
Makhleb was exalted by your worship.
You were not hungry.

You visited 8 branches of the dungeon, and saw 45 of its levels.

You collected 2102 gold pieces.
You spent 238 gold pieces at shops.

Inventory:

Hand Weapons
 a - a +0 war axe
 B - a +9 broad axe of flaming (weapon)
   (You bought it in a shop on level 4 of the Dungeon)
 Q - a +2 war axe of freezing
   (You took it off an orc on level 5 of the Dungeon)
Missiles
 O - a throwing net (quivered)
Armour
 d - +0 gold dragon scales (worn)
   (You found it on level 1 of the Realm of Zot)
 f - a +2 pair of gloves
   (You found it on level 2 of the Dungeon)
 l - a +3 tower shield (worn)
   (You found it on level 2 of the Dungeon)
 A - the +2 pair of gloves of the Heavens (worn) {rElec rCorr Int-3 Slay+5}
   (You found it on level 11 of the Dungeon)

   It affects your intelligence (-3).
   It affects your accuracy and damage with ranged weapons and melee attacks
   (+5).
   It insulates you from electricity.
   It provides partial protection from all sources of acid and corrosion.
 E - a +3 plate armour of fire resistance
   (You found it on level 5 of the Pits of Slime)
 H - a +0 hat (worn)
   (You found it on level 10 of the Dungeon)
 P - a +0 cloak
   (You found it on level 4 of the Lair of Beasts)
 R - a +0 kite shield
 S - a +2 cloak (worn)
   (You took it off a draconian annihilator on level 1 of the Realm of Zot)
Jewellery
 c - an uncursed ring of protection from cold
   (You found it on level 5 of the Pits of Slime)
 p - a +5 ring of protection (right hand)
   (You found it on level 10 of the Dungeon)
 D - an uncursed ring of ice
   (You found it on level 4 of the Dungeon)
 F - a +5 ring of protection (left hand)
   (You found it on level 9 of the Dungeon)
 G - a +5 amulet of reflection (around neck)
   (You found it on level 3 of the Dungeon)
Wands
 g - a wand of enslavement (16)
   (You found it on level 2 of the Dungeon)
 k - a wand of paralysis (17)
   (You found it on level 5 of the Dungeon)
 u - a wand of clouds (7)
   (You found it on level 8 of the Dungeon)
 v - a wand of digging (6)
   (You took it off Sonja on level 6 of the Lair of Beasts)
 I - a wand of acid (17)
   (You found it on level 1 of the Lair of Beasts)
 V - a wand of iceblast (7)
   (You found it on level 5 of the Lair of Beasts)
Scrolls
 b - a scroll of silence
 r - a scroll of identify
 t - 12 scrolls of teleportation
 x - 14 scrolls of remove curse
 C - 2 scrolls of fear
 L - 3 scrolls of fog
 M - 2 scrolls of vulnerability
 N - 3 scrolls of holy word
Potions
 i - 2 potions of invisibility
 j - 5 potions of lignification
 m - 2 potions of magic
 o - a potion of mutation
 q - 3 potions of curing
 s - 8 potions of flight
 w - 3 potions of heal wounds
 y - 2 potions of cancellation
 z - a potion of stabbing
 K - 4 potions of ambrosia
Comestibles
 e - 38 rations
 h - a chunk of flesh


   Skills:
 + Level 20.1 Fighting
 - Level 18.0 Axes
 + Level 20.1 Armour
 + Level 20.1 Shields
 - Level 15.0 Invocations


You had 19 spell levels left.
You didn't know any spells.
Your spell library was empty.

Dungeon Overview and Level Annotations

Branches:
Dungeon (15/15)            Temple (1/1) D:5            Lair (6/6) D:9
  Swamp (4/4) Lair:4       Spider (4/4) Lair:2        Slime (5/5) Lair:6
    Orc (0/2) D:11         Depths (5/5) D:15            Zot (5/5) Depths:5
 Vaults: D:13-14

Altars:
Ashenzari
Cheibriados
Dithmenos
Elyvilon
Fedhas
Gozag
Hepliaklqana
Kikubaaqudgha
Makhleb
Nemelex Xobeh
Okawaru
Qazlal
Ru
Sif Muna
Trog
Uskayaw
Vehumet
Wu Jian
Xom
Yredelemnul
Zin
The Shining One
Beogh

Shops:
D:4 ((

Portals:
Hell: Depths:1 Depths:4 Depths:5
Abyss: Depths:4
Gauntlet: D:13

Annotations:
Lair:1 exclusion: 3 oklob plants


Innate Abilities, Weirdness & Mutations

You reflexively headbutt those who attack you in melee.
You have a pair of horns on your head.
You have very sharp teeth.
You have sharp toenails.
You are partially covered in icy blue scales. (AC +2)
Your flesh is cold resistant. (rC+)
Your system is resistant to poisons. (rPois)
Your movements are slightly less encumbered by armour. (ER -2)


Message History

You claw the tentacled monstrosity. You bite the tentacled monstrosity!
The tentacled monstrosity is heavily wounded.
The Ice Fiend calls on the powers of darkness!
Your body is wracked with pain!
* * * LOW HITPOINT WARNING * * *
You hear some strange, mumbled words.
A bolt of cold appears from out of thin air!
The bolt of cold misses you.
The Ice Fiend calls on the powers of darkness!
Your body is wracked with pain!
* * * LOW HITPOINT WARNING * * *
You block the tentacled monstrosity's attack. x3
The tentacled monstrosity constricts you.
The Ice Fiend calls on the powers of darkness!
Your body is wracked with pain!
* * * LOW HITPOINT WARNING * * *
You hear some strange, mumbled words.
A lance of force appears from out of thin air!
The lance of force hits you!!
You die...

**..............,,,,,,,,,**,^,,
*,.......X.....,,,,,,,,,,***,^,
*,.^....p*....,,,,^,,,,,,* ****
**...d..{....,,,,,,,,,,,**
*▓....1!...,,,^,,,,,,***
*▓.....^.,,,,,,,,****
▓▓....^##▓▓▓▓▓▓▓▓▓▓▓#
*#...................###
*#...........@...^##....##
**............X.....###...#####
*,.....^..^......1...###.......
*^....^.....^...1....# ##......
*,........^...^......# #......
*,...................# ##.....
*,.............^.....# #.....
*,,,,,...............# ##.....
**,,,,..............## #......


You could see a tentacled monstrosity and 2 Ice Fiends.

Vanquished Creatures
  the Royal Jelly (Slime:5)
  Mara (Depths:2)
  An ancient lich (Zot:5)
  Bai Suzhen (Spider:4)
  A caustic shrike (Depths:4)
  A curse toe (Zot:3)
  3 golden dragons (Zot:1)
  Nikola (Spider:4)
  6 tentacled monstrosities
  10 Orb Guardians (Zot:5)
  3 quicksilver dragons
  3 liches
  16 acid blobs
  A death cob (Zot:3)
  A tengu reaver (Depths:5)
  8 storm dragons
  3 thorn hunters
  3 draconian monks (Depths:5)
  10 azure jellies
  2 shadow dragons (Zot:3)
  2 draconian scorchers
  2 fire giants (Depths:4)
  3 ghost moths (Spider:4)
  An iron dragon (Depths:4)
  A frost giant (Depths:4)
  3 draconian knights
  3 emperor scorpions (Spider:4)
  4 draconian shifters
  An entropy weaver (Spider:2)
  2 draconian annihilators
  3 very ugly things (Depths:4)
  3 stone giants
  3 black draconians
  3 purple draconians
  4 white draconians
  6 spark wasps
  5 red draconians
  3 ettins (Depths:2)
  4 yellow draconians
  2 jiangshi
  A fire dragon (D:15)
  7 death oozes
  11 great orbs of eyes
  2 yaktaur captains (Depths:4)
  An ogre mage (Depths:2)
  A rakshasa (Depths:2)
  The ghost of Tullig the Cleaver, a journeyman BaFi of Gozag (D:11)
  13 hydras
  2 catoblepae
  5 ice dragons
  2 shambling mangroves
  7 alligators
  6 two-headed ogres
  Erica (D:13)
  A tengu warrior (Depths:3)
  3 deep troll shamans
  6 death yaks (Lair:4)
  3 deep troll earth magi
  2 vampire magi
  4 spriggan berserkers
  2 spriggans
  Urug (Lair:3)
  Sonja (Lair:6)
  Nergalle (Lair:3)
  An iron troll (Depths:4)
  3 skeletal warriors (D:9)
  2 unseen horrors (D:15)
  3 glowing orange brains
  8 swamp dragons
  A wizard (Depths:3)
  A deep elf mage (D:15)
  11 deep trolls
  4 oklob plants (Lair:6)
  3 lindwurms (Swamp:4)
  10 orb spiders
  15 wolf spiders
  An orc knight (D:15)
  9 ugly things
  8 moths of wrath
  2 centaur zombies
  5 shining eyes
  2 black mambas
  3 eyes of devastation
  A smoke demon (Depths:5)
  A torpor snail (Lair:4)
  6 elephants
  34 spiny frogs
  An orange demon (Depths:5)
  A rime drake (Lair:6)
  A tormentor (Depths:5)
  5 yaktaurs
  A komodo dragon (shapeshifter) (Depths:4)
  5 komodo dragons
  2 tengu conjurers
  2 demonic crawlers
  A merfolk (shapeshifter) (Depths:5)
  22 jumping spiders
  An ice devil (Depths:5)
  A troll (D:11)
  6 tyrant leeches
  A meliai (shapeshifter) (D:14)
  A jumping spider (shapeshifter) (Depths:4)
  11 hornets
  2 wind drakes (Depths:5)
  2 polar bears
  18 blink frogs
  Grinder (D:4)
  78 slime creatures
  5 bog bodies
  6 hippogriffs
  2 dream sheep (D:8)
  2 centaur simulacra (D:15)
  A shadow (D:15)
  3 water elementals
  A vampire (D:5)
  2 wraiths (D:15)
  Eustachio (D:4)
  28 yaks
  35 redbacks
  A wyvern (Lair:2)
  A ynoxinul (Depths:5)
  A yak (shapeshifter) (D:13)
  19 tarantellas
  3 basilisks
  A hungry ghost (D:15)
  24 vampire mosquitoes
  2 wargs
  15 swamp worms
  5 water moccasins
  A floating eye (Lair:1)
  A porcupine (Lair:3)
  5 swamp drakes
  8 eyes of draining
  10 orc warriors
  5 ice beasts
  A black bear (Lair:4)
  5 sky beasts
  4 ogres
  A phantom (D:2)
  12 centaurs
  9 crocodiles
  3 big kobolds (D:8)
  34 bullfrogs
  A wyvern zombie (D:12)
  5 scorpions
  10 killer bees
  2 electric eels
  2 howler monkeys
  8 wights
  4 crimson imps
  A bullfrog zombie (D:7)
  4 jellies
  6 hounds
  2 bullfrog skeletons
  8 orc priests
  3 centaur skeletons
  A gnoll shaman (D:7)
  6 iguanas
  10 worker ants
  13 orc wizards
  6 hell rats (Lair:3)
  A hound zombie (D:8)
  3 hound skeletons
  A worker ant zombie (D:9)
  5 gnolls (D:7)
  A howler monkey skeleton (D:7)
  9 adders
  2 shadow imps
  2 oozes
  An adder zombie (D:6)
  An adder skeleton (D:9)
  3 worms
  A dart slug (D:3)
  5 leopard geckos
  57 orcs
  3 ball pythons
  2 giant cockroaches
  3 goblins
  6 hobgoblins
  9 jackals
  4 quokkas
  A ball python skeleton (D:5)
  4 bats
  4 frilled lizards
  A jackal skeleton (D:5)
  2 leopard gecko skeletons
  5 rats
  A spectral orc (D:5)
  11 briar patches (Swamp:3)
  4 fungi
  13 plants
1029 creatures vanquished.

Vanquished Creatures (others)
  A red draconian (Depths:5)
  A yaktaur captain (Depths:5)
  A centaur warrior (D:14)
  An orb spider (Spider:4)
  A deep elf mage (D:12)
  3 wolf spiders (Spider:4)
  A cyclops (D:12)
  A demonic crawler (Spider:4)
  3 yaktaurs
  A hornet (Spider:4)
  A jumping spider (Spider:4)
  3 redbacks (Spider:4)
  2 centaurs
  3 briar patches (Swamp:3)
  A fungus (Lair:6)
  34 plants
58 creatures vanquished.

Grand Total: 1087 creatures vanquished

Notes
Turn   | Place    | Note
-------+----------+-------------------------------------------
     0 | D:1      | Flugslaktarn the Minotaur Fighter began the quest for the
                  | Orb.
     0 | D:1      | Reached XP level 1. HP: 19/19 MP: 0/0
    88 | D:2      | Noticed a phantom
   107 | D:2      | Killed a phantom
   107 | D:2      | Reached XP level 2. HP: 17/27 MP: 1/1
   107 | D:2      | Reached XP level 3. HP: 21/33 MP: 2/2
   107 | D:2      | Reached XP level 4. HP: 26/40 MP: 3/3
   393 | D:2      | Found a faded altar of an unknown god.
   580 | D:3      | Found a glowing silver altar of Zin.
   630 | D:4      | Noticed Grinder
   632 | D:4      | Paralysed by Grinder for 7 turns
   649 | D:4      | Killed Grinder
   649 | D:4      | Reached skill level 5 in Axes
   649 | D:4      | Reached XP level 5. HP: 43/47 MP: 4/4
   649 | D:4      | Reached XP level 6. HP: 50/55 MP: 5/5
   695 | D:4      | Reached skill level 5 in Fighting
   695 | D:4      | Reached skill level 5 in Armour
   695 | D:4      | Reached skill level 5 in Shields
   994 | D:4      | Noticed Eustachio
   998 | D:4      | Found Noopt's Weapon Shoppe.
  1009 | D:4      | Killed Eustachio
  1009 | D:4      | Reached XP level 7. HP: 61/61 MP: 6/6
  1728 | D:4      | Found Momown's Antique Weapon Shoppe.
  1828 | D:5      | Entered Level 5 of the Dungeon
  2258 | D:5      | Found a staircase to the Ecumenical Temple.
  2279 | Temple   | Entered the Ecumenical Temple
  2339 | D:5      | Found a white marble altar of Elyvilon.
  2534 | D:5      | Found a basalt altar of Yredelemnul.
  2740 | D:5      | Noticed a vampire
  2745 | D:5      | Gained mutation: Your muscles are strong. (Str +2) [potion
                  | of mutation]
  2745 | D:5      | Gained mutation: Your mind is acute. (Int +2) [potion of
                  | mutation]
  2745 | D:5      | Gained mutation: You are resistant to hostile enchantments.
                  | (MR+) [potion of mutation]
  2757 | D:5      | Killed a vampire
  3023 | D:6      | Reached XP level 8. HP: 70/70 MP: 7/7
  3974 | D:4      | Bought a runed broad axe for 238 gold pieces
  4662 | D:7      | Reached XP level 9. HP: 79/79 MP: 8/8
  4937 | D:7      | Found an ancient bone altar of Kikubaaqudgha.
  5817 | D:3      | Found a shattered altar of Ashenzari.
  6779 | D:8      | Reached skill level 10 in Axes
  7190 | D:8      | Noticed a three-headed hydra
  7194 | D:8      | Killed a one-headed hydra
  7194 | D:8      | Reached XP level 10. HP: 79/90 MP: 9/9
  7610 | D:9      | Found an opulent altar of Gozag.
  7795 | D:9      | Noticed a skeletal warrior
  7795 | D:9      | Noticed a skeletal warrior
  7796 | D:9      | Noticed a skeletal warrior
  7804 | D:9      | Killed a skeletal warrior
  7812 | D:9      | Killed a skeletal warrior
  7814 | D:9      | Killed a skeletal warrior
  8000 | D:9      | Found a bloodstained altar of Trog.
  8055 | D:9      | Found a staircase to the Lair.
  8091 | D:9      | Found a sparkling altar of Nemelex Xobeh.
  8160 | D:9      | Found a burning altar of Makhleb.
  8168 | D:9      | Became a worshipper of Makhleb the Destroyer
  8405 | D:10     | Entered Level 10 of the Dungeon
  8570 | D:10     | Noticed Erica
  8862 | D:10     | Reached * piety under Makhleb
  8969 | D:10     | Reached skill level 1 in Invocations
  9015 | D:10     | Reached XP level 11. HP: 88/99 MP: 10/10
  9314 | D:11     | Noticed a purple ugly thing
  9325 | D:11     | Killed a purple ugly thing
  9325 | D:11     | Reached skill level 10 in Armour
  9325 | D:11     | Reached skill level 10 in Shields
  9500 | D:11     | Noticed a two-headed ogre
  9506 | D:11     | Killed a two-headed ogre
  9506 | D:11     | Reached skill level 10 in Fighting
  9572 | D:11     | Noticed a green ugly thing
  9578 | D:11     | Killed a green ugly thing
  9620 | D:11     | Reached ** piety under Makhleb
  9783 | D:11     | Found a staircase to the Orcish Mines.
  9799 | D:11     | Found a roughly hewn altar of Beogh.
  9920 | D:11     | Noticed a two-headed ogre
  9925 | D:11     | Killed a two-headed ogre
  9959 | D:11     | Noticed Tullig's ghost (journeyman BaFi)
  9962 | D:11     | Found a runed translucent gate.
  9962 | D:11     | Found a runed translucent gate.
  9962 | D:11     | Identified the +9 long sword of Midiafra {flame, rPois rF+
                  | rC+}
  9962 | D:11     | Identified the cursed +1 plate armour "Voogan" {-Cast
                  | Slay+6}
  9962 | D:11     | Identified the +8 rapier "Piohesoxergh" {venom, Int+4}
  9963 | D:11     | Found a runed translucent gate.
  9964 | D:11     | Found a roughly hewn altar of Beogh.
 10333 | D:11     | Killed Tullig's ghost
 10346 | D:11     | Got a pair of brightly glowing gloves
 10357 | D:11     | Identified the +2 pair of gloves of the Heavens {rElec
                  | rCorr Int-3 Slay+5} (You found it on level 11 of the
                  | Dungeon)
 10517 | Lair:1   | Entered Level 1 of the Lair of Beasts
 10674 | Lair:1   | Noticed an oklob plant
 10731 | Lair:1   | Paralysed by a floating eye for 4 turns
 10735 | Lair:1   | Noticed an oklob plant
 10742 | Lair:1   | Paralysed by a floating eye for 4 turns
 10818 | Lair:1   | Found a frozen archway.
 10913 | Lair:1   | Reached XP level 12. HP: 108/108 MP: 14/14
 10937 | Lair:1   | Reached *** piety under Makhleb
 11564 | Lair:2   | Found a shimmering altar of Xom.
 11599 | Lair:2   | Noticed an eight-headed hydra
 11604 | Lair:2   | Killed a five-headed hydra
 11987 | Lair:2   | Found a hole to the Spider Nest.
 12020 | Lair:2   | Reached skill level 5 in Invocations
 12099 | Lair:2   | Noticed a five-headed hydra
 12106 | Lair:2   | Killed a two-headed hydra
 12396 | Lair:3   | Noticed a catoblepas
 12403 | Lair:3   | Killed a catoblepas
 12403 | Lair:3   | Reached skill level 15 in Axes
 12471 | Lair:3   | Noticed Urug
 12487 | Lair:3   | Killed Urug
 12669 | Lair:3   | Noticed a five-headed hydra
 12678 | Lair:3   | Killed a one-headed hydra
 12711 | Lair:3   | Noticed Nergalle
 12724 | Lair:3   | Killed Nergalle
 13301 | Lair:3   | Reached **** piety under Makhleb
 13338 | Lair:3   | Reached XP level 13. HP: 117/117 MP: 16/16
 13517 | Lair:4   | Found a staircase to the Swamp.
 14137 | Lair:4   | You fall into a shaft and drop 2 floors!
 14137 | Lair:6   | Entered Level 6 of the Lair of Beasts
 14138 | Lair:6   | Noticed Sonja
 14138 | Lair:6   | Killed Sonja
 14167 | Lair:6   | Reached ***** piety under Makhleb
 14414 | Lair:6   | Reached XP level 14. HP: 127/127 MP: 18/18
 14813 | Lair:6   | Found a staircase to the Slime Pits.
 15887 | Swamp:1  | Entered Level 1 of the Swamp
 16217 | Swamp:3  | Noticed a thorn hunter
 16232 | Swamp:3  | Killed a thorn hunter
 16518 | Swamp:3  | Noticed a thorn hunter
 16531 | Swamp:3  | Killed a thorn hunter
 16768 | Swamp:4  | Entered Level 4 of the Swamp
 16805 | Swamp:4  | Reached ****** piety under Makhleb
 17004 | Swamp:4  | Noticed a thorn hunter
 17020 | Swamp:4  | Killed a thorn hunter
 17020 | Swamp:4  | Reached XP level 15. HP: 137/137 MP: 20/20
 17312 | Swamp:4  | Got a decaying rune of Zot
 17571 | Spider:1 | Entered Level 1 of the Spider Nest
 17641 | Spider:2 | Got a crude lead ring
 17642 | Spider:2 | Identified the ring "Sicsuw" {*Tele *Drain rElec rC+} (You
                  | found it on level 2 of the Spider Nest)
 17758 | Spider:4 | Entered Level 4 of the Spider Nest
 17769 | Spider:4 | Noticed Bai Suzhen
 17797 | Spider:4 | Killed Bai Suzhen
 17797 | Spider:4 | Reached skill level 10 in Invocations
 17831 | Spider:4 | Noticed Nikola
 17874 | Spider:4 | Killed Nikola
 17882 | Spider:4 | Reached skill level 15 in Fighting
 17899 | Spider:4 | Reached skill level 15 in Armour
 18177 | Spider:4 | Reached skill level 15 in Shields
 18215 | Spider:4 | Killed a ghost moth
 18265 | Spider:4 | Reached XP level 16. HP: 149/149 MP: 8/23
 18369 | Spider:4 | Got a gossamer rune of Zot
 18673 | Slime:1  | Entered Level 1 of the Pits of Slime
 18724 | Slime:3  | Noticed an acid blob
 18736 | Slime:3  | Killed an acid blob
 18837 | Slime:4  | Noticed an acid blob
 18846 | Slime:4  | Killed an acid blob
 18865 | Slime:4  | Gained mutation: Your body sometimes deteriorates upon
                  | taking damage. [a shining eye]
 18882 | Slime:4  | Lost mutation: Your mind is acute. (Int +2) [a shining eye]
 18916 | Slime:5  | Entered Level 5 of the Pits of Slime
 18922 | Slime:5  | Noticed an acid blob
 18935 | Slime:5  | Killed an acid blob
 18937 | Slime:5  | Noticed an acid blob
 18938 | Slime:5  | Noticed an acid blob
 18943 | Slime:5  | Noticed an acid blob
 19319 | Slime:5  | Killed an acid blob
 19322 | Slime:5  | Killed an acid blob
 19347 | Slime:5  | Noticed the Royal Jelly
 19348 | Slime:5  | Paralysed by a great orb of eyes for 6 turns
 19879 | Slime:5  | Noticed an acid blob
 19879 | Slime:5  | Noticed an acid blob
 19880 | Slime:5  | Noticed an acid blob
 19881 | Slime:5  | Noticed an acid blob
 19881 | Slime:5  | Noticed an acid blob
 19881 | Slime:5  | Noticed an acid blob
 19882 | Slime:5  | Noticed an acid blob
 19883 | Slime:5  | Noticed an acid blob
 19885 | Slime:5  | Killed an acid blob
 19885 | Slime:5  | Killed an acid blob
 19885 | Slime:5  | Killed an acid blob
 19885 | Slime:5  | Killed an acid blob
 19885 | Slime:5  | Killed the Royal Jelly
 19885 | Slime:5  | Reached XP level 17. HP: 65/160 MP: 25/25
 19885 | Slime:5  | Killed an acid blob
 19885 | Slime:5  | Killed an acid blob
 19885 | Slime:5  | Killed an acid blob
 20295 | Slime:5  | Got a slimy rune of Zot
 20301 | Slime:5  | Paralysed by a great orb of eyes for 7 turns
 20302 | Slime:5  | Noticed an acid blob
 20304 | Slime:5  | Noticed an acid blob
 20349 | Slime:5  | Noticed an acid blob
 20361 | Slime:5  | Killed an acid blob
 20379 | Slime:5  | Killed an acid blob
 20389 | Slime:5  | Killed an acid blob
 20533 | Slime:5  | Gained mutation: You are frail. (-10% HP) [a shining eye]
 20535 | Slime:5  | Gained mutation: Scrolls take you a little longer to read.
                  | [a shining eye]
 20539 | Slime:5  | Gained mutation: You tend to lose your temper in combat. [a
                  | shining eye]
 20547 | Slime:5  | Killed an acid blob
 20567 | Slime:5  | Lost mutation: Scrolls take you a little longer to read.
                  | [potion of mutation]
 20567 | Slime:5  | Lost mutation: You are frail. (-10% HP) [potion of
                  | mutation]
 20567 | Slime:5  | Gained mutation: You have sharp toenails. [potion of
                  | mutation]
 20567 | Slime:5  | Gained mutation: You are frail. (-10% HP) [potion of
                  | mutation]
 20567 | Slime:5  | Gained mutation: You are partially covered in icy blue
                  | scales. (AC +2) [potion of mutation]
 20568 | Slime:5  | Lost mutation: You are resistant to hostile enchantments.
                  | (MR+) [potion of mutation]
 20568 | Slime:5  | Lost mutation: Your muscles are strong. (Str +2) [potion of
                  | mutation]
 20568 | Slime:5  | Gained mutation: You often lose your temper in combat.
                  | [potion of mutation]
 20568 | Slime:5  | Gained mutation: Your system is resistant to poisons.
                  | (rPois) [potion of mutation]
 20569 | Slime:5  | Lost mutation: Your body sometimes deteriorates upon taking
                  | damage. [potion of mutation]
 20569 | Slime:5  | Lost mutation: You often lose your temper in combat.
                  | [potion of mutation]
 20569 | Slime:5  | Gained mutation: Your body sometimes deteriorates upon
                  | taking damage. [potion of mutation]
 20569 | Slime:5  | Gained mutation: Your magical capacity is low. (-10% MP)
                  | [potion of mutation]
 20569 | Slime:5  | Gained mutation: Your movements are slightly less
                  | encumbered by armour. (ER -2) [potion of mutation]
 20570 | Slime:5  | Lost mutation: Your magical capacity is low. (-10% MP)
                  | [potion of mutation]
 20570 | Slime:5  | Lost mutation: Your body sometimes deteriorates upon taking
                  | damage. [potion of mutation]
 20570 | Slime:5  | Gained mutation: You are clumsy. (Dex -2) [potion of
                  | mutation]
 20570 | Slime:5  | Gained mutation: Your flesh is cold resistant. (rC+)
                  | [potion of mutation]
 20708 | Slime:2  | Noticed an acid blob
 21271 | D:13     | Found a gate leading to a gauntlet.
 21310 | D:13     | Killed Erica
 21475 | D:15     | Entered Level 15 of the Dungeon
 21814 | D:15     | Found a staircase to the Depths.
 21977 | Depths:1 | Entered Level 1 of the Depths
 21979 | Depths:1 | Found a gateway to Hell.
 21994 | Depths:2 | Noticed Mara
 22013 | Depths:2 | Noticed Flugslaktarn's illusion
 22118 | Depths:2 | Noticed Flugslaktarn's illusion
 22128 | Depths:2 | Killed Mara
 22132 | Depths:2 | Noticed a lich
 22136 | Depths:2 | Noticed a Brimstone Fiend
 22512 | Depths:2 | Noticed a lich
 22528 | Depths:2 | Killed a lich
 22546 | Depths:2 | Killed a lich
 22937 | Depths:2 | Lost mutation: You are clumsy. (Dex -2) [potion of
                  | mutation]
 22937 | Depths:2 | Lost mutation: Your system is resistant to poisons. (rPois)
                  | [potion of mutation]
 22937 | Depths:2 | Lost mutation: You are frail. (-10% HP) [potion of
                  | mutation]
 22937 | Depths:2 | Gained mutation: You have very sharp teeth. [potion of
                  | mutation]
 22937 | Depths:2 | Lost mutation: You tend to lose your temper in combat.
                  | [potion of mutation]
 22937 | Depths:2 | Gained mutation: Your system is resistant to poisons.
                  | (rPois) [potion of mutation]
 23027 | Depths:2 | Reached XP level 18. HP: 170/170 MP: 26/26
 23341 | Depths:4 | Found a one-way gate to the infinite horrors of the Abyss.
 23363 | Depths:5 | Entered Level 5 of the Depths
 23363 | Depths:5 | Noticed a caustic shrike
 23385 | Depths:4 | Killed a caustic shrike
 23586 | Depths:5 | Noticed a tentacled monstrosity
 23599 | Depths:5 | Killed a tentacled monstrosity
 24221 | Depths:5 | Found a gate to the Realm of Zot.
 24244 | Depths:5 | Reached XP level 19. HP: 135/181 MP: 28/28
 24258 | Zot:1    | Entered Level 1 of the Realm of Zot
 24290 | Zot:1    | Noticed a golden dragon
 24297 | Zot:1    | Killed a golden dragon
 24301 | Zot:1    | Noticed a golden dragon
 24303 | Zot:1    | Noticed a golden dragon
 24316 | Zot:1    | Killed a golden dragon
 24320 | Zot:1    | Killed a golden dragon
 24626 | Zot:3    | Noticed a curse toe
 24649 | Zot:3    | HP: 4/183 [storm dragon (11)]
 24650 | Zot:3    | Reached skill level 15 in Invocations
 24663 | Zot:3    | Killed a curse toe
 24946 | Zot:5    | Entered Level 5 of the Realm of Zot
 24991 | Zot:5    | Reached XP level 20. HP: 110/193 MP: 30/30
 25095 | Zot:5    | Noticed an ancient lich
 25109 | Zot:5    | Killed an ancient lich
 25141 | Zot:5    | Noticed an ancient lich
 25142 | Zot:5    | Noticed an orb of fire
 25142 | Zot:5    | Noticed a Killer Klown
 25168 | Zot:5    | Killed from afar by an ancient lich

Illustrated notes

Levels and vault maps discovered:
D:1:      dpeg_arrival_solitude, layout_rooms, minmay_misc_feat_columns
D:2:      layout_basic, chequers_ecumenical_altar_simple, minmay_tromino_v4_a
D:3:      layout_rooms, nicolae_overflow_hidden_temple, lemuel_round_altar
D:4:      layout_basic, serial_shops, shop, nicolae_shop_crystal, first_ration,
          uniq_eustachio, uniq_grinder
D:5:      layout_layer_cave, yredelemnul_forgotten_temple_becter,
          overflow_temple_1_default, minmay_temple_entry_slanted,
          minmay_misc_feat_plants, grunt_tough_drop
D:6:      layout_loops_ring, minmay_misc_feat_encased, minmay_quadrilaterals
D:7:      nicolae_whirlpool, layout_basic, lemuel_doored_altar
D:8:      layout_basic, hangedman_ranch [blue_anna_fruit_fields]
D:9:      layout_long_grid, kennysheep_mini_moat,
          nicolae_gozag_cash_rules_everything_around_me, lemuel_crystal_altar,
          bloody_makhleb, lair_entry_dummy
D:10:     layout_roguey, minivault_25_ag, minmay_holes, evilmike_minifort,
          uniq_erica
D:11:     layout_loops_ring, minmay_orc_entry_temple_small,
          biasface_ghost_orc_armoury, minmay_misc_feat_alley
D:12:     layout_basic, wad_dig_loot, uniq_azrael
D:13:     layout_loops_ring, ximxim_vaults_locker_room, gauntlet_entry_generic,
          minmay_mirror_moons_of_madness
D:14:     layout_rooms, serial_park_avenue1, serial_shops,
          kennysheep_little_box, serial_corexii_hall, corexii_hall_statues_s,
          chequers_hall_statues_y, corexii_hall_statues_i,
          chequers_hall_statues_y, kennysheep_generic_room_11
D:15:     grunt_enter_depths_hoard, layout_basic, minmay_curled_crystal,
          nemelex_diamond_rough_becter
Temple:   nicolae_temple_god_jail
Lair:1:   layout_misc_corridors, portal_ice_cave_entry_pillars_2,
          disabler_island
Lair:2:   layout_regular_city, nicolae_spider_entry_orb_guardian, basic_altar,
          infiniplex_staircase_pool, serial_bayou_shore_b
Lair:3:   layout_cave_pods, uniq_urug, uniq_nergalle
Lair:4:   layout_roguey, nicolae_swamp_entry_splash_gauntlet,
          beast_lair_carwin_8
Lair:5:   layout_regular_city, st_stairs_6, lemuel_fruit_fields
Lair:6:   minmay_lair_end_frog_pond, layout_regular_city,
          minmay_slime_entry_oklob_enclosed, uniq_sonja
Swamp:1:  layout_basic_swamp, evilmike_swamp_ruin_house_2,
          infiniplex_staircase_pool_2, uniq_kirke
Swamp:2:  layout_basic_swamp, ebering_ghost_reflecting_pool, serial_swamp_ruin,
          hangedman_swamp_ruin_wall, evilmike_swamp_ruin_house_6,
          evilmike_swamp_ruin_house_4
Swamp:3:  layout_falls_marsh, evilmike_swamp_ruin_house_5
Swamp:4:  swamp_alternative, layout_basic_swamp
Spider:1: layout_spider_delve, uniq_roxanne
Spider:2: layout_spider_delve
Spider:3: cheibrodos_forgotten_conduit, minivault_29, uniq_jorgrun
Spider:4: grunt_spider_rune_parallel, uniq_nikola, uniq_bai_suzhen
Slime:1:  cheibrodos_slime_lost_civilization_9, layout_caves
Slime:2:  layout_caves, uniq_dissolution
Slime:3:  layout_caves
Slime:4:  layout_caves, nicolae_slime_phagocytosis
Slime:5
Depths:1: layout_basic, enter_ziggurat_f, hell_entry,
          nicolae_abyss_entry_one_way_or_another, serial_sigils_hangedman_shear,
          wad_mini_maze
Depths:2: minmay_thinvault, layout_long_grid, serial_shops, shop,
          nrook_mini_vaults, hell_entry, kennysheep_nondecorative_pillar,
          serial_bayou_shore_b, minmay_staircase_statues, firewood_loft,
          serial_bayou_shore_a, uniq_aizul, uniq_mara
Depths:3: minmay_the_grid_four_pointed_star_mashed
          [minmay_the_grid_triangle_9x9_corruption,
          minmay_the_grid_triangle_9x9_minimal,
          minmay_the_grid_triangle_9x9_checkered,
          minmay_the_grid_triangle_9x9_steps, minmay_the_grid_prize_trominoes],
          layout_gridlike, rand_demon_pan_entry_9, hell_entry, abyss_entry,
          patterned_corridor, infiniplex_staircase_zigzag_5, minmay_shop_grove,
          uniq_sojobo, uniq_enchantress
Depths:4: gammafunk_sealed_library, layout_cave_pools, rand_demon_pan_entry_8,
          serial_sigils_hangedman_shear, abyss_entry, hell_entry
Depths:5: lemuel_castle_with_subvaults [lemuel_castle_interior_carwin_2],
          layout_small_grid, rand_demon_pan_entry_1, hell_entry,
          serial_bayou_pond_b, hangedman_decor_riveting
Zot:1:    layout_misc_corridors, gammafunk_ghost_split
Zot:2:    layout_misc_corridors
Zot:3:    layout_gridville, st_stairs_9, evilmike_ambush
          [evilmike_ambush_outer_doors, evilmike_ambush_inner_pond]
Zot:4:    kennysheep_spiral_hall, layout_twisted_circle
Zot:5:    layout_gridlike, skrybe_zot_glass_3

Skill      XL: |  1  2  3  4  5  6  7  8  9 10 11 12 13 14 15 16 17 18 19 20 |
---------------+-------------------------------------------------------------+-----
Fighting       | 4 5 6 7 8 9 10 11 12 13 15 16 17 18 19 20 | 20.1
Axes           | 4 5 6 7 9 11 12 14 15 16 18 | 18.0
Armour         | 4 5 6 7 8 9 10 11 12 13 15 16 17 18 19 20 | 20.1
Shields        | 4 5 6 7 8 9 10 11 12 13 15 16 17 18 19 20 | 20.1
Invocations    | 1 4 5 7 9 10 12 13 14 15 | 15.0

Action                   |  1- 3 |  4- 6 |  7- 9 | 10-12 | 13-15 | 16-18 | 19-21 || total
-------------------------+-------+-------+-------+-------+-------+-------+-------++-------
Melee: War axe           |    21 |    62 |   127 |       |       |       |       ||   210
       Headbutt          |     2 |    10 |    39 |    92 |   136 |   197 |    84 ||   560
       Broad axe         |       |       |   144 |   392 |   666 |   760 |   254 ||  2216
       Kick              |       |       |       |       |       |   171 |   106 ||   277
       Bite              |       |       |       |       |       |    34 |    48 ||    82
Throw: Throwing net      |       |       |       |       |       |     1 |       ||     1
Invok: Greater Servant o |       |       |       |       |       |       |     2 ||     2
Evoke: Wand              |       |       |       |       |     1 |       |       ||     1
  Use: Potion            |       |     1 |     3 |       |     4 |    12 |     7 ||    27
       Scroll            |       |     1 |    18 |     9 |     7 |     3 |     7 ||    45
 Stab: Confused          |       |       |       |       |     1 |       |       ||     1
       Held in net/web   |       |       |       |       |       |     3 |       ||     3
       Distracted        |       |       |       |       |       |     2 |       ||     2
  Eat: Ration            |       |       |     3 |     1 |     3 |     4 |       ||    11
       Chunk             |       |       |    10 |    16 |     6 |     8 |     3 ||    43
Armor: Scale mail        |     9 |    26 |    39 |       |       |       |       ||    74
       Skin              |       |       |    17 |       |    33 |       |       ||    50
       Chain mail        |       |       |    51 |    17 |       |       |       ||    68
       Plate armour      |       |       |       |    79 |   298 |   370 |    31 ||   778
       Gold dragon scale |       |       |       |       |       |       |   175 ||   175
Dodge: Dodged            |     2 |     9 |    29 |    22 |    69 |    88 |    44 ||   263
Block: Kite shield       |     9 |     9 |       |       |       |       |       ||    18
       Tower shield      |       |    36 |   219 |   365 |   831 |   888 |   372 ||  2711
       Reflection        |       |       |     4 |    16 |    19 |    41 |     4 ||    84

Table legend:
 A = Non-vault XP
 B = Vault XP
 C = Vault XP percentage of total XP
 D = Non-vault monster count
 E = Vault monster count
 F = Vault count percentage of total count
                 A         B        C        D         E       F
            +---------+---------+-------+---------+---------+-------
      Total |  280806 |  224936 |  44.5 |     718 |     282 |  28.2
            +---------+---------+-------+---------+---------+-------
        D:1 |      12 |       0 |   0.0 |       4 |       0 |   0.0
        D:2 |     126 |      17 |  11.9 |       8 |       4 |  33.3
        D:3 |      98 |       0 |   0.0 |      21 |       0 |   0.0
        D:4 |     275 |     478 |  63.5 |      14 |       2 |  12.5
        D:5 |     454 |       2 |   0.4 |      14 |       2 |  12.5
        D:6 |     793 |      64 |   7.5 |      21 |       4 |  16.0
        D:7 |     595 |     115 |  16.2 |      19 |       1 |   5.0
        D:8 |    1385 |    2192 |  61.3 |      26 |       8 |  23.5
        D:9 |    3094 |       0 |   0.0 |      26 |       0 |   0.0
       D:10 |    1317 |     158 |  10.7 |      30 |       3 |   9.1
       D:11 |    4947 |    1589 |  24.3 |      30 |      24 |  44.4
       D:12 |    2710 |     716 |  20.9 |      13 |       2 |  13.3
       D:13 |     365 |     892 |  71.0 |       4 |       1 |  20.0
       D:14 |    4522 |       0 |   0.0 |      19 |       0 |   0.0
       D:15 |   11114 |    2072 |  15.7 |      37 |       2 |   5.1
     Lair:1 |    4561 |     148 |   3.1 |      21 |       1 |   4.5
     Lair:2 |    6646 |     605 |   8.3 |      21 |       1 |   4.5
     Lair:3 |    6792 |    1603 |  19.1 |      27 |       2 |   6.9
     Lair:4 |    5865 |    6573 |  52.8 |      22 |      13 |  37.1
     Lair:5 |    3108 |     397 |  11.3 |      11 |       1 |   8.3
     Lair:6 |    3136 |   15293 |  83.0 |      11 |      54 |  83.1
    Swamp:1 |    2506 |       0 |   0.0 |       5 |       0 |   0.0
    Swamp:2 |    5832 |       0 |   0.0 |      18 |       0 |   0.0
    Swamp:3 |    8931 |       0 |   0.0 |      17 |       0 |   0.0
    Swamp:4 |    5602 |   16974 |  75.2 |      14 |      22 |  61.1
   Spider:1 |    1381 |       0 |   0.0 |       6 |       0 |   0.0
   Spider:2 |    3580 |       0 |   0.0 |      10 |       0 |   0.0
   Spider:3 |    1075 |    4448 |  80.5 |       3 |       8 |  72.7
   Spider:4 |   13761 |   33978 |  71.2 |      43 |      54 |  55.7
    Slime:2 |    5186 |       0 |   0.0 |       8 |       0 |   0.0
    Slime:3 |   11340 |       0 |   0.0 |      19 |       0 |   0.0
    Slime:4 |    9648 |    1030 |   9.6 |      21 |       3 |  12.5
    Slime:5 |   21032 |   29384 |  58.3 |      41 |      11 |  21.2
   Depths:1 |    1435 |       0 |   0.0 |       1 |       0 |   0.0
   Depths:2 |   18092 |   11795 |  39.5 |      20 |       4 |  16.7
   Depths:3 |    1890 |       0 |   0.0 |       3 |       0 |   0.0
   Depths:4 |   31067 |    5953 |  16.1 |      35 |       2 |   5.4
   Depths:5 |   22132 |   15763 |  41.6 |      23 |      17 |  42.5
      Zot:1 |   34829 |       0 |   0.0 |      19 |       0 |   0.0
      Zot:3 |    4121 |   37336 |  90.1 |       3 |      25 |  89.3
      Zot:4 |    4455 |       0 |   0.0 |       3 |       0 |   0.0
      Zot:5 |   10996 |   35361 |  76.3 |       7 |      11 |  61.1
            +---------+---------+-------+---------+---------+-------
